 Dungeon Crawl Stone Soup version 0.30-a0-800-g7c544603b3 (webtiles) character file.

Game seed: 16765307604411491715

364 Pimp the Conjurer (level 6, -3/43 HPs)
             Began as a Demonspawn Conjurer on Feb 21, 2023.
             Killed by divine providence
             ... invoked by an orc priest
              (12 damage)
             ... on level 4 of the Dungeon.
             The game lasted 00:11:20 (2886 turns).

Pimp the Conjurer (Demonspawn Conjurer)             Turns: 2886, Time: 00:11:21

Health: -3/43      AC:  4    Str:  9    XL:     6   Next: 39%
Magic:  2/10       EV: 12    Int: 19    God:
Gold:   121        SH:  0    Dex: 12    Spells: 4/10 levels left

rFire   . . .      SeeInvis .    k - +0 glaive
rCold   . . .      Faith    .    (shield currently unavailable)
rNeg    . . .      Spirit   .    a - +0 robe
rPois   .          Reflect  .    (no helmet)
rElec   .          Harm     .    (no cloak)
rCorr   .          Rampage  .    (no gloves)
Will    .....                    (no boots)
Stlth   ++                       (no amulet)
HPRegen 0.27/turn                (no ring)
MPRegen 0.12/turn                (no ring)

@: no status effects
A: claws 2, molten scales 1, foul stench 1
a: no special abilities


You were on level 4 of the Dungeon.
You visited 1 branch of the dungeon, and saw 4 of its levels.

You collected 121 gold pieces.

Inventory:

Hand Weapons
 b - a +0 short sword
 k - a +0 glaive (weapon)
Missiles
 d - 2 throwing nets
Armour
 a - a +0 robe (worn)
Scrolls
 c - 2 scrolls of identify
 f - a scroll of enchant armour {unknown}
 h - a scroll of immolation
 i - a scroll of amnesia
 m - a scroll of teleportation
Potions
 e - a potion of lignification {unknown}
 g - a potion of heal wounds {unknown}
 j - 2 potions of haste


   Skills:
 + Level 1.6 Fighting
 - Level 1.0 Short Blades
 * Level 2.1 Polearms
 + Level 1.5 Armour
 + Level 2.9 Dodging
 + Level 2.9 Stealth
 + Level 2.9 Spellcasting
 + Level 4.7 Conjurations


You had 4 spell levels left.
You knew the following spells:

 Your Spells              Type           Power      Damage    Failure   Level
a - Magic Dart            Conj           80%        1d7       2%          1
b - Searing Ray           Conj           40%        2d5       3%          2
c - Dazzling Flash        Conj/Hex       22%        N/A       17%         3

Your spell library contained the following spells:

 Spells                   Type           Power      Damage    Failure   Level
 Fulminant Prism          Conj/Hex       5%         3d7       50%         4
 Iskenderun's Mystic Bla  Conj/Tloc      11%        2d4       50%         4


Dungeon Overview and Level Annotations

Branches:
Dungeon (4/15)
 Temple: D:4-7

Altars:


Innate Abilities, Weirdness & Mutations

You have very sharp fingernails.
You are partially covered in molten scales. (AC +2)
You may rarely emit foul miasma when damaged in melee.


Message History

The orc priest closely misses you.
You barely miss the orc priest.
The orc priest is moderately wounded.
The orc priest closely misses you.
The orc priest mumbles some strange prayers to Beogh against you.
You barely resist.
You hit the orc priest but do no damage.
The orc priest is moderately wounded.
The orc priest closely misses you.
You closely miss the orc priest.
The orc priest is moderately wounded.
The orc priest begins to cast a cantrip, but forgets the words!
The orc priest looks braver for a moment.
You closely miss the orc priest.
The orc priest is moderately wounded.
The orc priest begins to cast a cantrip, but forgets the words!
The orc priest hits you but does no damage.
You closely miss the orc priest.
The orc priest is moderately wounded.
The orc priest calls down the wrath of Beogh upon you.
Beogh smites you!
* * * LOW HITPOINT WARNING * * *
You closely miss the orc priest.
The orc priest is moderately wounded.
The orc priest hits you with a +0 short sword.
* * * LOW HITPOINT WARNING * * *
The orc priest barely misses you.
Casting: Searing Ray (safe; 3% risk of failure)
Confirm with . or Enter, or press ? or * to list all spells.
Aiming: Searing Ray (safe; 3% risk of failure)
Press: ? - help, Shift-Dir - straight line, f - orc, p - orc priest
Aim: an orc, wielding a +0 club (78% to hit)
The searing ray hits the orc priest but does no damage.
The orc priest is moderately wounded.
The searing ray hits the orc!
You kill the orc! (Press . to maintain the ray.)
The orc priest calls down the wrath of Beogh upon you.
Beogh smites you!
You die...

..# #.# #.# #.# ### #
#.# ##.##
#<#####.####..<##
#...............###
#..######.#####.........
#....)o@..# ##..<..###
#..######## ##...## ###
#.. ##.## #.. ... ###
#.# #.# #.# #.#
#.#####.####
####>##.......#
..†........##.#


You could see an orc priest.

Vanquished Creatures
  Menkaure (D:4)
  A black bear (D:4)
  An orc priest (D:4)
  4 gnolls (D:2)
  2 adders
  2 dart slugs
  5 orcs
  4 endoplasms
  2 giant cockroaches
  8 goblins
  3 hobgoblins
  10 jackals
  6 kobolds
  4 quokkas
  7 ball pythons
  4 bats
  A frilled lizard (D:1)
  3 rats
68 creatures vanquished.

Notes
Turn   | Place    | Note
-------+----------+-------------------------------------------
     0 | D:1      | Pimp the Demonspawn Conjurer began the quest for the Orb.
     0 | D:1      | Reached XP level 1. HP: 13/13 MP: 3/3
   103 | D:1      | Found a faded altar of an unknown god.
   158 | D:1      | Gained mutation: You are partially covered in molten
                  | scales. (AC +2) [demonic ancestry]
   158 | D:1      | Reached XP level 2. HP: 17/19 MP: 0/5
   218 | D:1      | Learned a level 2 spell: Searing Ray
   967 | D:1      | Reached XP level 3. HP: 24/24 MP: 6/6
  1163 | D:2      | Learned a level 3 spell: Dazzling Flash
  1554 | D:2      | Gained mutation: You may rarely emit foul miasma when
                  | damaged in melee. [demonic ancestry]
  1554 | D:2      | Reached XP level 4. HP: 29/31 MP: 2/7
  1568 | D:2      | Reached skill level 1 in Short Blades
  2441 | D:4      | Noticed Menkaure
  2451 | D:4      | Killed Menkaure
  2452 | D:4      | Reached skill level 1 in Fighting
  2452 | D:4      | Reached skill level 1 in Polearms
  2452 | D:4      | Reached skill level 1 in Armour
  2452 | D:4      | Gained mutation: You have sharp fingernails. [demonic
                  | ancestry]
  2452 | D:4      | Reached XP level 5. HP: 37/37 MP: 2/9
  2531 | D:4      | Noticed a black bear
  2541 | D:4      | Killed a black bear
  2542 | D:4      | Gained mutation: You have very sharp fingernails. [demonic
                  | ancestry]
  2542 | D:4      | Reached XP level 6. HP: 31/43 MP: 8/10
  2886 | D:4      | Killed from afar by an orc priest

Illustrated notes

Levels and vault maps discovered:
D:1:      psy_arrival_fountain, layout_basic, hellmonk_ecumenical_altar_zigzags,
          nicolae_concentric_dashed_squares_wild
D:2:      layout_basic
D:3:      layout_basic
D:4:      layout_loops_ring, uniq_menkaure

Skill      XL: |  1  2  3  4  5 |
---------------+----------------+-----
Stealth        | 2 |  2.9
Dodging        | 2 |  2.9
Short Blades   | 1 |  1.0
Fighting       | 1 |  1.6
Polearms       | 1 2 |  2.1
Armour         | 1 |  1.5
Spellcasting   | |  2.9
Conjurations   | |  4.7

Action                     |  1- 3 |  4- 6 || total
---------------------------+-------+-------++-------
  Melee: Short sword       |    46 |       ||    46
         Unarmed           |     6 |       ||     6
         Glaive            |    22 |    80 ||   102
   Cast: Magic Dart        |    23 |     2 ||    25
         Searing Ray       |     2 |     8 ||    10
    Use: Potion            |     1 |     7 ||     8
         Scroll            |     7 |       ||     7
   Stab: Sleeping          |     9 |     2 ||    11
 Armour: Robe              |    34 |    35 ||    69
  Dodge: Dodged            |    74 |    82 ||   156

Table legend: (Time is in decaauts)
 A = Elapsed time spent in this place.
 B = Non-inter-level travel time spent in this place.
 C = Inter-level travel time spent in this place.
 D = Time resting spent in this place.
 E = Time spent auto-exploring this place.
 F = Levels seen in this place.
 G = Mean time per level.
                   A        B        C        D        E       F      G
               +--------+--------+--------+--------+--------+-----+--------+
         Total |   2943 |   2845 |     98 |    565 |   1515 |   4 |  735.8 |
       Dungeon |   2943 |   2845 |     98 |    565 |   1515 |   4 |  735.8 |
               +--------+--------+--------+--------+--------+-----+--------+

Top non-repeatable levels by time:
     D:1: 1028 daAuts
     D:2: 877 daAuts
     D:3: 559 daAuts
     D:4: 478 daAuts
